 Dungeon Crawl Stone Soup version 0.18.1-5-g4a78601 (webtiles) character file.

8047 Arkorax the Grappler (level 11, -4/115 HPs)
             Began as a Troll Monk on May 10, 2016.
             Slain by an orc warrior
             ... wielding a +0 halberd
              (16 damage)
             ... in a bailey.
             The game lasted 00:17:14 (8851 turns).

Arkorax the Grappler (Troll Monk)                   Turns: 8851, Time: 00:17:15

Health: -4/115     AC:  8    Str: 26    XL:     11   Next: 4%
Magic:  10/10      EV: 10    Int:  6    God:
Gold:   502        SH: 11    Dex: 15    Spells: 0 memorised, 10 levels left

rFire  . . .     SeeInvis .       - Unarmed
rCold  . . .     Gourm    +     Z - +0 robe {Archmagi}
rNeg   . . .     Faith    .     B - +0 shield
rPois  .         Spirit   .     (helmet restricted)
rElec  .         Dismiss  .     w - +2 cloak
rCorr  .         Reflect  .     (gloves unavailable)
SustAt +         Harm     .     (boots unavailable)
MR     .....                    (no amulet)
Stlth  ++........               W - ring of flight
                                F - ring of sustain attributes

@: mighty, not resistant to hostile enchantments, unstealthy
A: unfitting armour, claws 3, fast metabolism 3, gourmand, regeneration 2,
shaggy fur 1, tough skin 2
a: Evoke Flight


You were in a bailey.
You were completely stuffed.

You visited 2 branches of the dungeon, and saw 10 of its levels.
You also visited: Ossuary and Bailey.

You collected 502 gold pieces.

Inventory:

Hand Weapons
 q - a +0 blowgun
 I - a +0 giant spiked club
Missiles
 f - 3 javelins
 r - 18 poisoned needles
 A - 4 large rocks (quivered)
 H - 9 tomahawks
 S - 2 throwing nets
Armour
 w - a +2 cloak (worn)
 B - a +0 shield (worn)
 Z - a +0 robe of the Archmagi (worn)
Jewellery
 F - a ring of sustain attributes (left claw)
 U - the amulet "Gailip" {+Rage Int+6 Dex-4}
   (You found it on level 7 of the Dungeon)

   [amulet of rage]

   It affects your intelligence (+6).
   It affects your dexterity (-4).
   It lets you go berserk.
 W - a ring of flight (right claw)
Wands
 k - a wand of paralysis (7/24)
 p - a wand of disintegration (7/24)
 s - a wand of lightning (5/15)
 v - a wand of lightning (0/15)
 L - a wand of lightning (2/15)
 M - a wand of iceblast (8/15)
Scrolls
 d - 4 scrolls of enchant weapon {unknown}
 e - 13 scrolls of remove curse {unknown}
 g - a scroll of noise
 m - a scroll of enchant armour {unknown}
 n - 7 scrolls of identify
 o - 2 scrolls of recharging {unknown}
 u - 2 scrolls of blinking {unknown}
 x - 3 scrolls of teleportation
 C - 2 scrolls of magic mapping {unknown}
 E - a scroll of immolation {unknown}
Potions
 c - 3 potions of might
 h - 2 potions of degeneration
 j - 3 potions of ambrosia
 y - a potion of invisibility {unknown}
 z - a potion of magic {unknown}
 D - 3 potions of curing
 G - a potion of resistance {unknown}
 K - a potion of haste {unknown}
 O - 2 potions of mutation
 Q - 2 potions of brilliance
 R - 2 potions of heal wounds {unknown}
 X - a potion of berserk rage {unknown}
Books
 J - a Necronomicon

   Spells                             Type                      Level
   a - Haunt                          Necromancy/Summoning         7
   b - Borgnjor's Revivification      Necromancy                   8
   c - Death's Door                   Charms/Necromancy            8
   d - Necromutation                  Transmutation/Necromancy     8
 N - a book of Clouds

   Spells                             Type                      Level
   a - Mephitic Cloud                 Conjuration/Poison/Air       3
   b - Conjure Flame                  Conjuration/Fire             3
   c - Poisonous Cloud                Conjuration/Poison/Air       6
   d - Freezing Cloud                 Conjuration/Ice/Air          6
   e - Ring of Flames                 Charms/Fire                  7
Comestibles
 a - a chunk of flesh
 b - 7 bread rations
 i - 3 fruits
 l - 6 meat rations
 t - a royal jelly
 T - 6 beef jerkies
 Y - a slice of pizza


   Skills:
 * Level 9.3 Fighting
 - Level 3.1 Throwing
 - Level 2.4 Dodging
 - Level 1.1 Stealth
 * Level 6.3 Shields
 * Level 11.1 Unarmed Combat


You had 10 spell levels left.
You didn't know any spells.

Dungeon Overview and Level Annotations

Branches:
Dungeon (9/15)             Temple (1/1) D:4             Orc (0/2) D:9
   Lair: D:8-11

Altars:
Ashenzari
Cheibriados
Dithmenos
Elyvilon
Fedhas
Gozag
Kikubaaqudgha
Makhleb
Nemelex Xobeh
Okawaru
Pakellas
Qazlal
Ru
Sif Muna
Trog
Vehumet
Xom
Yredelemnul
Zin
The Shining One


Innate Abilities, Weirdness & Mutations

You are too large for most types of armour.
You have claws for hands.
Your metabolism is lightning-fast.
You like to eat raw meat.
You heal very quickly.
You are covered in fur (AC +1).
You have very tough skin (AC +2).


Message History

The orc warrior hits you from afar with a halberd!
Unknown command.
The orc warrior hits you with a spear.
* * * LOW HITPOINT WARNING * * *
The orc warrior hits you with a halberd!
* * * LOW HITPOINT WARNING * * *
You are too injured to fight recklessly!
You are too injured to fight recklessly!
You are too injured to fight recklessly!
Unknown command.
You are too injured to fight recklessly!
You mangle the orc warrior!!
You kill the orc warrior!
You closely miss the orc warrior.
The orc warrior hits you with a halberd!
* * * LOW HITPOINT WARNING * * *
You mangle the orc warrior!!
The orc warrior is severely wounded.
The orc warrior hits you with a halberd!
You die...

#################
≈≈≈≈≈≈≈≈≈≈≈≈≈≈≈≈##
..........).)..o.##
.....)).....)).)@.#
...⌠##########+####
##### ...........≈# #
...≈≈≈≈≈≈≈≈≈...≈#
.≈≈≈..c....≈≈..≈##
≈≈..≈≈≈≈≈≈≈....≈≈##
≈.≈≈≈.....≈≈≈...≈≈##
.≈.≈≈..≈≈≈≈≈..≈≈..⌠≈≈#
≈≈.≈.≈≈≈...≈≈≈.≈≈))≈≈#


You could see an orc warrior.

Vanquished Creatures
  Erolcha (D:8)
  Pikel (D:8)
  Maurice (D:8)
  A two-headed ogre (D:9)
  A hungry ghost (D:8)
  2 hippogriffs
  A vampire mosquito (D:9)
  Menkaure (D:5)
  2 wargs (D:9)
  2 water moccasins
  12 orc warriors
  A sky beast (D:9)
  A slave (D:8)
  An ice beast (D:6)
  5 ogres
  5 centaurs
  A crocodile (D:9)
  6 giant frogs
  An elf zombie (Ossuary)
  5 scorpions
  A troll zombie (Ossuary)
  3 wights (D:7)
  14 killer bees
  6 electric eels (D:7)
  2 howler monkeys (D:4)
  4 centaur zombies (Ossuary)
  3 hounds
  A human zombie (Ossuary)
  4 orc priests
  Crazy Yiuf (D:7)
  A jelly (D:9)
  7 orc wizards
  A centaur skeleton (D:6)
  A giant frog skeleton (D:9)
  2 iguanas (D:8)
  6 worker ants
  A hound skeleton (D:4)
  7 mummies (Ossuary)
  A worker ant zombie (D:5)
  7 gnolls (D:5)
  7 adders
  2 oozes (D:2)
  4 adder zombies
  An adder skeleton (D:4)
  7 worms
  2 dart slugs
  10 giant geckos
  44 orcs
  5 giant cockroaches
  5 goblins
  9 hobgoblins
  6 jackals
  10 kobolds
  7 quokkas
  3 ball pythons
  9 bats
  7 giant newts
  3 goblin zombies (Ossuary)
  3 hobgoblin zombies (Ossuary)
  5 kobold zombies (Ossuary)
  An orc zombie (Ossuary)
  A quokka skeleton (D:4)
  7 quokka zombies
  3 rats
  4 rat zombies
289 creatures vanquished.

Notes
Turn   | Place    | Note
--------------------------------------------------------------
     0 | D:1      | Arkorax the Troll Monk began the quest for the Orb.
     0 | D:1      | Reached XP level 1. HP: 22/22 MP: 0/0
   103 | D:1      | Reached XP level 2. HP: 29/29 MP: 1/1
   508 | D:1      | Reached XP level 3. HP: 35/37 MP: 2/2
  1043 | D:2      | Reached XP level 4. HP: 37/45 MP: 3/3
  1148 | D:2      | Found a stormy altar of Qazlal.
  1386 | D:2      | Reached skill level 5 in Unarmed Combat
  1860 | D:3      | Reached XP level 5. HP: 47/54 MP: 4/4
  2135 | D:3      | You fall through a shaft for 2 floors!
  2135 | D:5      | Entered Level 5 of the Dungeon
  2274 | D:4      | Found a glowing drain.
  2313 | D:4      | Found a staircase to the Ecumenical Temple.
  2339 | Temple   | Entered the Ecumenical Temple
  2560 | D:4      | Found a glowing golden altar of the Shining One.
  2563 | D:4      | Found a sacrificial altar of Ru.
  2566 | D:4      | Found a burning altar of Makhleb.
  2643 | D:4      | Reached XP level 6. HP: 63/63 MP: 5/5
  2647 | D:4      | Reached skill level 6 in Unarmed Combat
  2917 | D:4      | Found a deep blue altar of Sif Muna.
  3044 | D:5      | Reached skill level 5 in Fighting
  3060 | D:5      | Noticed Menkaure
  3070 | D:5      | Killed Menkaure
  3070 | D:5      | Reached skill level 1 in Throwing
  3070 | D:5      | Reached XP level 7. HP: 37/72 MP: 6/6
  3342 | D:5      | Reached skill level 7 in Unarmed Combat
  3763 | D:5      | Found an ancient bone altar of Kikubaaqudgha.
  3922 | D:6      | Reached XP level 8. HP: 82/83 MP: 7/7
  4145 | D:6      | Reached skill level 8 in Unarmed Combat
  4315 | D:6      | Reached skill level 1 in Shields
  4555 | D:6      | Found a sand-covered staircase.
  4721 | D:7      | Reached XP level 9. HP: 92/92 MP: 8/8
  4755 | D:7      | Found a sand-covered staircase.
  4767 | Ossuary  | Entered an ossuary
  5222 | D:7      | Reached skill level 9 in Unarmed Combat
  5570 | D:7      | Noticed Crazy Yiuf
  5576 | D:7      | Killed Crazy Yiuf
  5803 | D:7      | HP: 4/93 [poisoned by a killer bee]
  6270 | D:7      | Got a scintillating pewter amulet
  6328 | D:7      | Found an oddly glowing altar of Pakellas.
  6553 | D:7      | Identified the amulet "Gailip" {+Rage Int+6 Dex-4} (You found it on level 7 of the Dungeon)
  6776 | D:8      | Noticed Erolcha
  6793 | D:8      | Killed Erolcha
  6793 | D:8      | Reached skill level 10 in Unarmed Combat
  6793 | D:8      | Reached XP level 10. HP: 31/104 MP: 9/9
  6922 | D:8      | Noticed Maurice
  6943 | D:8      | Found a basalt altar of Yredelemnul.
  6948 | D:8      | Killed Maurice
  7133 | D:8      | Noticed Pikel
  7158 | D:8      | Killed Pikel
  7158 | D:8      | Reached skill level 5 in Shields
  7213 | D:8      | Found a shattered altar of Ashenzari.
  7996 | D:9      | Found a staircase to the Orcish Mines.
  8188 | D:9      | Reached skill level 11 in Unarmed Combat
  8311 | D:9      | Found a flagged portal.
  8354 | Bailey   | Entered a bailey
  8534 | Bailey   | Reached XP level 11. HP: 99/115 MP: 10/10
  8851 | Bailey   | Slain by an orc warrior

Skill      XL: |  1  2  3  4  5  6  7  8  9 10 |
---------------+-------------------------------+-----
Fighting       | 3 4 5 6 8 9 |  9.3
Unarmed Combat | 5 6 7 8 10 11 | 11.1
Throwing       | 1 2 3 |  3.1
Shields        | 1 4 6 |  6.3
Dodging        | |  2.4
Stealth        | |  1.1

Action                   |  1- 3 |  4- 6 |  7- 9 | 10-12 || total
-------------------------+-------+-------+-------+-------++-------
Melee: Unarmed           |   120 |   180 |   391 |   234 ||   925
       Punch             |     1 |     2 |     4 |       ||     7
Throw: Javelin           |     3 |       |     2 |       ||     5
       Large rock        |       |       |     1 |       ||     1
Evoke: Wand              |       |       |     2 |     4 ||     6
  Use: Scroll            |       |       |     1 |     6 ||     7
       Potion            |       |       |     1 |     5 ||     6
 Stab: Sleeping          |     2 |     1 |    10 |       ||    13
       Distracted        |       |     1 |       |       ||     1
  Eat: Chunk             |    15 |    19 |    27 |    25 ||    86
       Bread ration      |       |       |     1 |       ||     1
Armor: Robe              |    56 |    66 |   114 |    52 ||   288
Dodge: Dodged            |    63 |    70 |   135 |    93 ||   361
Block: Shield            |       |       |    82 |   117 ||   199
